 Dungeon Crawl Stone Soup version 0.28.0-45-g0d030f2227 (webtiles) character file.

Game seed: 10765318343102253540

11736 PSYXO the Severer (level 11, -8/104 HPs)
             Began as a Minotaur Berserker on Apr 21, 2022.
             Was a High Priest of Trog.
             Shot with a bolt by an orc knight (12 damage)
             ... on level 1 of the Orcish Mines.
             The game lasted 00:47:00 (10157 turns).

PSYXO the Severer (Minotaur Berserker)             Turns: 10157, Time: 00:47:00

Health: -8/104     AC: 17    Str: 25    XL:     11   Next: 53%
Magic:  10/10      EV:  9    Int:  4    God:    Trog [*****.]
Gold:   515        SH:  0    Dex: 11    Spells: 10/10 levels left

rFire   + + .      SeeInvis +   S - +0 war axe (vorpal)
rCold   . . .      Faith    +   (no shield)
rNeg    . . .      Spirit   .   e - +2 chain mail {rF+}
rPois   +          Reflect  .   (helmet restricted)
rElec   .          Harm     .   (no cloak)
rCorr   +          Rampage  .   q - +0 pair of gloves
Will    .....                   s - +0 pair of boots
Stlth   ..........              l - amulet of Springtime {Faith rPois rC+ SInv}
HPRegen 0.27/turn               i - ring of fire
MPRegen 0.12/turn               V - ring of resist corrosion

@: on berserk cooldown, slowed, very slow
A: horns 2, retaliatory headbutt
a: Renounce Religion, Berserk, Trog's Hand, Brothers in Arms


You were on level 1 of the Orcish Mines.
You worshipped Trog.
Trog was extremely pleased with you.
You visited 2 branches of the dungeon, and saw 10 of its levels.
You also visited: Sewer.

You collected 697 gold pieces.
You spent 182 gold pieces at shops.

Inventory:

Hand Weapons
 m - a +5 mace
 S - a +0 vorpal war axe (weapon)
 T - a +0 hand axe of holy wrath
Missiles
 X - 7 boomerangs (quivered)
Armour
 e - a +2 chain mail of fire resistance (worn)
 q - a +0 pair of gloves (worn)
 s - a +0 pair of boots (worn)
 R - a +2 plate armour
Jewellery
 d - a ring of poison resistance
 i - a ring of fire (left hand)
 l - the amulet of Springtime (around neck) {Faith rPois rC+ SInv}
   (You found it on level 2 of the Dungeon)

   [amulet of faith]

   It allows you to gain divine favour quickly.
   rC:        It protects you from cold.
   rPois:     It protects you from poison.
   SInv:      It lets you see invisible.
 E - an amulet of guardian spirit
 H - an amulet of reflection
 Q - an amulet of regeneration
 V - a ring of resist corrosion (right hand)
Wands
 t - a wand of mindburst (13)
 B - a wand of paralysis (4)
 D - a wand of flame (62)
 F - a wand of polymorph (6)
 W - a wand of iceblast (22)
Scrolls
 a - a scroll of fog {unknown}
 b - a scroll of brand weapon {unknown}
 c - a scroll of silence {unknown}
 f - 2 scrolls of immolation {unknown}
 h - 2 scrolls of teleportation
 n - a scroll of identify
 p - 3 scrolls of noise
 u - a scroll of fear {unknown}
 w - a scroll of holy word {unknown}
 G - a scroll of enchant weapon {unknown}
 L - 2 scrolls of summoning {unknown}
 N - a scroll of blinking {unknown}
 O - 2 scrolls of vulnerability {unknown}
 P - 3 scrolls of amnesia {unknown}
 U - a scroll of magic mapping {unknown}
Potions
 g - 3 potions of haste {unknown}
 j - 2 potions of resistance {unknown}
 k - a potion of cancellation {unknown}
 o - 3 potions of heal wounds
 r - 2 potions of lignification {unknown}
 v - a potion of degeneration {unknown}
 x - 6 potions of flight
 z - 2 potions of attraction {unknown}
 A - 3 potions of curing
 I - 3 potions of ambrosia {unknown}
 J - 2 potions of magic {unknown}
 K - a potion of mutation {unknown}
 M - a potion of invisibility {unknown}


   Skills:
 + Level 11.6 Fighting
 * Level 15.7 Axes
 + Level 11.3 Armour
 - Level 2.1 Dodging


You had 10 spell levels left.
You didn't know any spells.
Your spell library contained the following spells:

 Spells                   Type           Power      Damage    Failure   Level
 Animate Dead             Necr           0%         N/A       100%        4
 Iskenderun's Battlesphe  Conj           0%         2d6       100%        5
 Iron Shot                Conj/Erth      0%         9d1       100%        6
 Haunt                    Necr/Summ      0%         N/A       100%        7
 Spellforged Servitor     Conj/Summ      0%         N/A       100%        7
 Infestation              Necr           0%         N/A       100%        8


Dungeon Overview and Level Annotations

Branches:
Dungeon (9/15)             Temple (0/1) D:7             Orc (1/2) D:9
  Sewer (visited)
   Lair: D:8-11

Altars:
Dithmenos
Elyvilon
Gozag
Kikubaaqudgha
Qazlal
Sif Muna
Trog
The Shining One

Shops:
D:1 !   D:6 (


Innate Abilities, Weirdness & Mutations

You have a pair of horns on your head.
You reflexively headbutt those who attack you in melee.


Message History

You slice the troll!! You closely miss the orc knight.
The orc knight is heavily wounded.
You slash the orc!
You feel the power of Trog in you as your rage grows.
You kill the orc!
Trog accepts your kill.
You slash the troll!
An orc comes into view. It is wielding a +0 whip.
The orc warrior closely misses you. The troll bites you.
* * * LOW HITPOINT WARNING * * *
The troll claws you.
* * * LOW HITPOINT WARNING * * *
The troll barely misses you.
The orc knight hits you with a +0 long sword!
* * * LOW HITPOINT WARNING * * *
You barely miss the troll.
The troll is almost dead.
You hit the orc knight. You slash the troll!
You kill the troll!
Trog accepts your kill.
You hit the orc knight but do no damage.
The orc warrior hits you from afar with a +2 halberd of flaming!
* * * LOW HITPOINT WARNING * * *
The orc warrior burns you.
* * * LOW HITPOINT WARNING * * *
The orc knight hits you but does no damage.
You feel a strong urge to attack something.
The orc knight unwields a +0 long sword.
The orc knight wields a +0 arbalest.
The orc knight shoots a bolt.
The bolt barely misses you.
Okay, then.
You are too berserk!
You feel your anger nearly subside.
You are no longer berserk.
You are exhausted.
You feel yourself slow down.
The orc warrior no longer looks unusually strong.
The orc knight shoots a bolt.
The bolt hits you!
You die...

### ###
..##.$#######.## #
........#.##...## .##
...........#....#...#
........#......#.....
....$................
$............@.......
..#............###...
.#....><.o..o....#
$......).o..##....#
.......).........##
..$............###
...#...o......##
...........$...#
............#.##


You could see an orc knight, 2 orc warriors and an orc.

Vanquished Creatures
  A hydra (D:7)
  A cyclops (D:9)
  A manticore (D:7)
  A centaur zombie (D:6)
  Maggie (D:7)
  2 trolls
  2 hornets
  Grinder (D:3)
  A slime creature (D:8)
  Prince Ribbit (D:6)
  Sigmund (D:3)
  7 yaks
  Grum (D:9)
  A warg (Orc:1)
  A water moccasin (D:7)
  Duvessa (D:6)
  7 orc warriors
  3 black bears
  An ice beast (D:7)
  Pargi (Sewer)
  A hornet zombie (D:8)
  A necrophage (D:5)
  A sky beast (D:7)
  2 centaurs
  5 ogres
  A phantom (D:5)
  3 wolves (D:9)
  Blork the orc (D:6)
  3 kobold brigands
  3 bullfrogs
  A gnoll sergeant (D:8)
  2 scorpions
  Dowan (D:6)
  7 killer bees
  10 wights (D:8)
  5 howler monkeys
  A hound (D:6)
  6 orc priests
  2 centaur skeletons
  2 bullfrog skeletons (D:5)
  Jessica (D:3)
  14 orc wizards
  A killer bee zombie (D:8)
  A howler monkey zombie (D:9)
  Robin (D:3)
  5 gnolls (D:8)
  2 river rats (D:4)
  8 adders
  A shadow imp (D:6)
  A white imp (D:6)
  A worm (D:4)
  6 dart slugs
  41 orcs
  5 bats
  11 endoplasms
  7 giant cockroaches
  14 goblins
  8 hobgoblins
  9 jackals
  3 quokkas
  10 ball pythons
  5 frilled lizards
  14 kobolds
  8 rats
271 creatures vanquished.

Vanquished Creatures (collateral kills)
  A tengu warrior (D:8)
  The ghost of Cykl0x the Geomancer, a novice GrEE of Vehumet (D:9)
  An ugly thing (D:8)
  A troll (Orc:1)
  A steam dragon (D:9)
  An orc warrior (Orc:1)
  3 orcs (D:8)
9 creatures vanquished.

Vanquished Creatures (others)
  A human (D:5)
1 creature vanquished.

Grand Total: 281 creatures vanquished

Notes
Turn   | Place    | Note
-------+----------+-------------------------------------------
     0 | D:1      | PSYXO the Minotaur Berserker began the quest for the Orb.
     0 | D:1      | Reached XP level 1. HP: 19/19 MP: 0/0
   316 | D:1      | Reached skill level 4 in Axes
   316 | D:1      | Reached XP level 2. HP: 21/27 MP: 1/1
   318 | D:1      | Found a faded altar of an unknown god.
   704 | D:1      | Found Dyram's Distillery.
  1005 | D:2      | Reached XP level 3. HP: 33/33 MP: 2/2
  1010 | D:2      | Identified the amulet of Springtime {Faith rPois rC+ SInv}
  1067 | D:2      | Noticed a black bear
  1072 | D:2      | Killed a black bear
  1073 | D:2      | Reached skill level 5 in Axes
  1073 | D:2      | Reached XP level 4. HP: 41/41 MP: 3/3
  1094 | D:2      | Reached ** piety under Trog
  1395 | D:2      | Reached XP level 5. HP: 45/47 MP: 4/4
  1924 | D:3      | Noticed Grinder
  1934 | D:3      | Killed Grinder
  1935 | D:3      | Reached skill level 5 in Fighting
  1935 | D:3      | Reached skill level 6 in Axes
  1935 | D:3      | Reached XP level 6. HP: 32/56 MP: 5/5
  2109 | D:3      | Noticed Robin
  2118 | D:3      | Killed Robin
  2261 | D:3      | Reached *** piety under Trog
  2276 | D:3      | Reached skill level 7 in Axes
  2540 | D:3      | Noticed Jessica
  2548 | D:3      | Noticed Sigmund
  2556 | D:3      | Killed Jessica
  2567 | D:3      | Killed Sigmund
  2568 | D:3      | Reached skill level 5 in Armour
  2568 | D:3      | Reached XP level 7. HP: 15/62 MP: 6/6
  3382 | D:4      | Reached skill level 8 in Axes
  3954 | D:4      | Reached **** piety under Trog
  3970 | D:4      | Found a glowing drain.
  3987 | Sewer    | Entered a sewer
  4038 | Sewer    | Noticed Pargi
  4044 | Sewer    | Killed Pargi
  4045 | Sewer    | Reached XP level 8. HP: 68/71 MP: 7/7
  4377 | D:5      | Entered Level 5 of the Dungeon
  4479 | D:5      | Reached skill level 9 in Axes
  4521 | D:5      | Noticed a hornet
  4527 | D:5      | Killed a hornet
  4804 | D:5      | Reached skill level 10 in Axes
  5188 | D:5      | Found an ancient bone altar of Kikubaaqudgha.
  5310 | D:6      | Noticed Duvessa
  5315 | D:6      | Reached XP level 9. HP: 67/81 MP: 8/8
  5320 | D:6      | Killed Duvessa
  5320 | D:6      | Noticed Dowan
  5330 | D:6      | Killed Dowan
  5336 | D:6      | Found Mulorphi's Antique Weapon Shoppe.
  5382 | D:6      | Bought a runed war axe for 182 gold pieces
  5422 | D:6      | Reached skill level 11 in Axes
  5440 | D:6      | Noticed Prince Ribbit
  5445 | D:6      | Killed Prince Ribbit
  5533 | D:6      | Found a white marble altar of Elyvilon.
  5601 | D:6      | Noticed Blork the orc
  5605 | D:6      | Killed Blork the orc
  5818 | D:6      | Reached ***** piety under Trog
  5876 | D:6      | Identified the +3 scale mail "Baguthac" {+Blink rElec rCorr
                  | Dex-5}
  6264 | D:7      | Reached skill level 12 in Axes
  6451 | D:7      | Found a staircase to the Ecumenical Temple.
  6497 | D:7      | Noticed Maggie
  6510 | D:7      | Killed Maggie
  6771 | D:7      | Noticed a seven-headed hydra
  6781 | D:7      | Killed an 11-headed hydra
  6782 | D:7      | Reached XP level 10. HP: 19/91 MP: 9/9
  7194 | D:7      | Noticed a manticore
  7200 | D:7      | Killed a manticore
  7201 | D:7      | Reached skill level 13 in Axes
  7788 | D:8      | Found an opulent altar of Gozag.
  7832 | D:8      | Found a stormy altar of Qazlal.
  7861 | D:8      | Found a shimmering blue altar of Sif Muna.
  7910 | D:8      | Noticed a tengu warrior
  7910 | D:8      | Noticed a cyan ugly thing
  7921 | D:8      | Killed a tengu warrior
  7922 | D:8      | Reached skill level 10 in Fighting
  7923 | D:8      | Killed a cyan ugly thing
  7966 | D:8      | Reached skill level 10 in Armour
  7968 | D:8      | Reached skill level 14 in Axes
  9085 | D:9      | Found a bloodstained altar of Trog.
  9089 | D:9      | Noticed Grum
  9099 | D:9      | Killed Grum
  9100 | D:9      | Reached XP level 11. HP: 101/101 MP: 10/10
  9294 | D:9      | Found a transporter.
  9299 | D:9      | Found a transporter.
  9299 | D:9      | Noticed Cykl0x's ghost (novice GrEE)
  9365 | D:9      | Killed Cykl0x's ghost
  9369 | D:9      | Reached skill level 15 in Axes
  9446 | D:9      | Found a glowing golden altar of the Shining One.
  9765 | D:9      | Found a shadowy altar of Dithmenos.
  9839 | D:9      | Found a staircase to the Orcish Mines.
 10137 | Orc:1    | Entered Level 1 of the Orcish Mines
 10137 | Orc:1    | Noticed an orc knight
 10152 | Orc:1    | HP: 6/154 [orc warrior/+2 halberd of flaming[an orc knight]
                  | (10)]
 10157 | Orc:1    | Shot with a bolt by an orc knight

Illustrated notes

Levels and vault maps discovered:
D:1:      psy_arrival_terrarium, layout_loops_ring, serial_shops, shop,
          shapermc_ecumenical_altar_pompeii, minmay_cut_off
D:2:      layout_loops_corners
D:3:      layout_loops_ring, nrook_mini_backslash, minmay_fractal_squares_5,
          uniq_grinder, uniq_robin, uniq_sigmund, uniq_jessica
D:4:      layout_loops_ring, portal_sewer_entry_e, dk_noncrumbling_2,
          chequers_avenue, solitary_fountain,
          nicolae_concentric_dashed_squares_mild
D:5:      layout_basic, tgw_kikubaaqudgha
D:6:      layout_basic, mainiacjoe_overflow_alcove_4, serial_shops,
          nicolae_shop_advertising_works [nicolae_subvault_shop_adworks],
          uniq_prince_ribbit1, uniq_blork_the_orc, uniq_duvessa
D:7:      layout_basic, minmay_temple_entry_purple_smoke, lemuel_flamethrower_2,
          uniq_maggie
D:8:      wad_arrow_thing, layout_basic, lemuel_tele_altar,
          mainiacjoe_overflow_catwalk, kennysheep_mini
D:9:      layout_rooms, mainiacjoe_overflow_small_starburst,
          nicolae_overflow_hidden_temple, mainiacjoe_overflow_brackets,
          orc_0_dummy, gammafunk_ghost_arena, uniq_grum
Orc:1:    layout_caves

Skill      XL: |  1  2  3  4  5  6  7  8  9 10 11 |
---------------+----------------------------------+-----
Axes           | 4 5 6 7 8 10 12 14 15 | 15.7
Fighting       | 4 5 6 7 9 10 11 | 11.6
Armour         | 3 4 5 6 7 9 10 11 | 11.3
Dodging        | |  2.1

Action                   |  1- 3 |  4- 6 |  7- 9 | 10-12 || total
-------------------------+-------+-------+-------+-------++-------
Melee: Hand axe          |    53 |   122 |   184 |       ||   359
       Headbutt          |     6 |    18 |    39 |    29 ||    92
       Punch             |       |     1 |     6 |     8 ||    15
       War axe           |       |       |    84 |   233 ||   317
Invok: Berserk           |     1 |     1 |     4 |     9 ||    15
       Trog's Hand       |       |       |       |     2 ||     2
       Brothers in Arms  |       |       |       |     3 ||     3
  Use: Scroll            |       |       |       |     8 ||     8
Armor: Animal skin       |     5 |       |       |       ||     5
       Leather armour    |     8 |       |       |       ||     8
       Ring mail         |     5 |    36 |    46 |       ||    87
       Plate armour      |       |       |    81 |   134 ||   215
       Chain mail        |       |       |       |    12 ||    12
Dodge: Dodged            |    22 |    56 |   130 |    89 ||   297
